[Event "AI Cup Div-1 2023"]
[Site "Online"]
[Date "2023.09.27"]
[Round "3.2"]
[White "Vachier-Lagrave, Maxime"]
[Black "Carlsen, Magnus"]
[Result "1/2-1/2"]
[Annotator "TA"]
[ECO "B90"]
[WhiteElo "2727"]
[BlackElo "2839"]
[PlyCount "131"]
[EventDate "2023.09.18"]
[EventType "k.o."]
[EventCountry "NET"]
[SourceTitle "playchess.com"]
[Source "ChessBase"]
[SourceQuality "1"]
[TimeControl "900+3"]

1. e4 c5 2. Nf3 d6 3. d4 cxd4 4. Nxd4 Nf6 5. Nc3 a6 6. Be3 e5 7. Nb3 Be6 8. f3 Nbd7 9. g4 $1 {[%emt 0:00:17][%mdl 4] now scores much better than the old 9.Qd2.} Nb6 10. g5 {[%emt 0:00:04] B90: Sicilian Najdorf: Unusual White 6th moves, 6 Be3 Ng4 and 6 Be3 e5.} Nfd7 11. Qd2 h6 12. O-O-O {[%emt 0:01:46] White has an edge.} hxg5 13. Bxg5 Be7 14. Bxe7 Qxe7 {[%emt 0:00:01] [#]} 15. Na5 $146 ({Predecessor:} 15. Qxd6 Qxd6 16. Rxd6 O-O-O 17. Rd2 g6 18. Nd1 Kb8 19. Ne3 Rde8 20. Na5 Rc8 21. b3 {½-½ Sutton,A (2274)-Williamson,D (2054) GB/TC2014/5 ICCF email [31]}) 15... Rb8 (15... O-O-O $11 {is superior.}) 16. Qxd6 $14 Qxd6 17. Rxd6 Ke7 18. Rd2 Nf6 19. Rg1 g6 20. Rg5 Nbd7 21. Bc4 Rh3 22. Rg3 {[%emt 0:00:31] White has more active pieces.} Rh4 23. b3 Bxc4 24. Nxc4 Rbh8 25. Rgg2 b5 26. Ne3 Nb6 27. a4 bxa4 28. bxa4 (28. Nxa4 {simplifies} Nxa4 29. bxa4 Ke6 30. Rgf2) 28... Rc8 29. Kb2 Rb8 30. Ka2 Rc8 31. Rd3 Rh3 32. a5 Nc4 33. Ncd5+ Nxd5 34. Nxd5+ Ke6 35. Rb3 (35. Nb6 $1 $14 Rc5 36. Nxc4 Rxc4 37. Ka3) 35... Rc5 $11 36. Rc3 Rh8 37. f4 (37. Kb1 $11 {keeps the balance.}) 37... Rb8 (37... Rxa5+ $17 38. Kb3 Nd6) 38. Rb3 $15 Rxa5+ 39. Kb1 Rxb3+ (39... Rh8 $15 {might be stronger.}) 40. cxb3 {[%emt 0:00:00][%mdl 4096] Endgame KRN-KRN} Nd6 41. b4 Ra3 42. fxe5 $2 (42. Nc7+ $11 Kd7 43. fxe5 Kxc7 44. Rc2+ Nc4 45. Rxc4+ Kd7 46. Kc2) 42... Nxe4 $2 (42... Kxe5 $19 43. Nb6 Kxe4) 43. Kb2 $11 Rf3 44. Nc7+ Kxe5 45. Nxa6 Kd4 46. Rg4 $2 (46. Nb8 $11 {and White has nothing to worry.}) 46... Rf2+ $19 47. Kb3 Rxh2 $2 (47... g5 $1 $19 48. Rg1 f5 49. Rd1+ Ke5) 48. Nc5 $1 $15 {[%emt 0:00:06] [#]} Rh3+ (48... Re2 $1 $17 {Hoping for ...Re3+.} 49. Nxe4 Rxe4) 49. Ka4 $11 f5 50. Ne6+ Kc4 51. Rxg6 Nc3+ 52. Ka5 Nd5 53. Ka6 $1 Nxb4+ 54. Kb7 Rh7+ 55. Kc8 Kd5 56. Ng5 Ra7 57. Rb6 (57. Ne6 $11) 57... Nd3 $15 58. Rb7 {[%emt 0:00:04] [#]} ({Better is} 58. Kb8 $15 Re7 59. Kc8) 58... Rxb7 (58... Ra8+ $1 $17 59. Kc7 Nc5) 59. Kxb7 $17 {[%emt 0:00:00] KN-KN. The position is equal.} f4 60. Kb6 Ne5 61. Kc7 Nf7 {[%emt 0:00:06][%mdl 64] Deflection} 62. Nxf7 f3 {[%emt 0:00:01] Strongly threatening ...f2.} 63. Nh6 f2 64. Ng4 f1=R 65. Ne3+ Kc5 66. Nxf1 {[%emt 0:00:00] Weighted Error Value: White=0.23 (precise) /Black=0.15 (very precise)} 1/2-1/2

[Event "AI Cup Div-1 2023"]
[Site "Online"]
[Date "2023.09.27"]
[Round "3.3"]
[White "Carlsen, Magnus"]
[Black "Vachier-Lagrave, Maxime"]
[Result "1-0"]
[Annotator "TA"]
[ECO "B80"]
[WhiteElo "2839"]
[BlackElo "2727"]
[PlyCount "99"]
[EventDate "2023.09.18"]
[EventType "k.o."]
[EventCountry "NET"]
[SourceTitle "playchess.com"]
[Source "ChessBase"]
[SourceQuality "1"]
[TimeControl "900+3"]

1. e4 c5 2. Nf3 d6 3. d4 cxd4 4. Nxd4 Nf6 5. Nc3 a6 6. Be3 Ng4 7. Bc1 Nf6 8. f3 e6 9. Be3 b5 10. Qd2 Nbd7 11. g4 b4 {[%emt 0:00:07] 11...Qc7 gains popularity. B80: Sicilian Scheveningen: 6 g3 and 6 Be3, including English Attack.} 12. Na4 h6 13. O-O-O (13. Qxb4 d5 14. Qd2 dxe4 $15) 13... Ne5 {[%emt 0:00:09] The position is equal.} 14. b3 Bd7 $1 15. Nb2 d5 16. Bf4 {[%emt 0:00:16] [#]} (16. Bg2 $11 {is superior.}) 16... Nxf3 17. Nxf3 $14 Nxe4 18. Qd4 {[%emt 0:00:01] [#]} Rg8 $146 ({Predecessor:} 18... f6 19. Bd3 Bc5 20. Bxe4 Bxd4 21. Bg6+ Kf8 22. Rxd4 a5 23. Re1 Be8 24. Nh4 e5 25. Rd2 a4 26. bxa4 Kg8 {½-½ Anand,V (2785)-Topalov,V (2778) Sofia MTel Masters 1st 2005 (1)}) 19. Ne5 {[%emt 0:01:43] Nxd7 would be deadly.} (19. Nd3 {feels hotter.} Qa5 20. Bd2 Qxa2 21. Bxb4 Rc8 22. Qb2) 19... Bc5 {[%emt 0:01:50] [#]} 20. Qxe4 dxe4 21. Nxd7 {[%emt 0:00:03] White has more active pieces. The black rooks are badly placed.} Qxd7 22. Rxd7 Kxd7 23. Nc4 (23. Bg2 $14) 23... g5 $11 24. Be5 Ke7 {[%emt 0:00:06] Wards off Bf6+} 25. h4 Rad8 26. hxg5 Rxg5 27. Be2 $1 (27. Rxh6 $2 Rxe5 28. Rh4 Red5 $19) 27... Rg6 28. Bf4 Bd4 (28... Rd5 $14) 29. Ne5 (29. Bxh6 $6 Rh8 30. Rd1 Rgxh6 $11) (29. Rxh6 Rxh6 30. Bxh6 Rh8 $11) (29. Bd2 $1 $16) 29... Bxe5 30. Bxe5 f5 31. gxf5 exf5 32. Bf4 a5 33. Bxh6 Rg2 34. Bf1 Rg6 (34... Rgg8 $142) 35. Be3 $1 $16 Kf6 36. Bc4 (36. Bb6 $142 $1 Ra8 37. Bd4+ Kg5 38. Be2) 36... Ke5 $2 (36... Rg4 $16 {was worth a try.}) 37. Rh7 $18 f4 38. Rh5+ {[%emt 0:01:15][%mdl 64] Deflection} Kf6 39. Bb6 (39. Bxf4 $2 {loses.} Rg1+ 40. Kb2 Rdd1 41. Be5+ (41. Rxa5 $2 Rb1#) 41... Kg6 $19) 39... Rd7 40. Bxa5 {[%emt 0:00:13] This pair of bishops is nice.} ({Not} 40. Rxa5 Rg2 $11) (40. Bb5 $18 Rd6 41. Bxa5 Rg1+ 42. Kb2) 40... Rg1+ $16 41. Kb2 f3 (41... Rg5 $16 42. Rh6+ (42. Rxg5 Kxg5 43. Bxb4 f3 $16) 42... Kg7) 42. Bxb4 $18 {[%emt 0:00:12] Hoping for Rh8.} f2 43. Bc3+ Kg6 44. Re5 Re1 45. Re6+ (45. a4 $18 {and White stays clearly on top.}) 45... Kg5 $16 46. Rf6 ({White should play} 46. Ba5 $16) 46... e3 $11 47. Rf8 Rc7 $2 {[%emt 0:00:39][%mdl 8192] [#]} (47... Rdd1 $11 {and Black stays safe.}) 48. Bd4 $1 $18 Rxc4 $2 {[%emt 0:00:08] [#]} (48... Kg4 49. Bd3 Kh3) 49. Bxe3+ $1 Rxe3 50. bxc4 {[%emt 0:00:01] Beautiful play by Carlsen!   Weighted Error Value: White=0.22 (precise) /Black=0.34} 1-0

[Event "AI Cup Div-1 2023"]
[Site "Online"]
[Date "2023.09.27"]
[Round "3.4"]
[White "Vachier-Lagrave, Maxime"]
[Black "Carlsen, Magnus"]
[Result "1-0"]
[Annotator "TA"]
[ECO "B45"]
[WhiteElo "2727"]
[BlackElo "2839"]
[PlyCount "97"]
[EventDate "2023.09.18"]
[EventType "k.o."]
[EventCountry "NET"]
[SourceTitle "playchess.com"]
[Source "ChessBase"]
[SourceQuality "1"]
[TimeControl "900+3"]

1. e4 c5 2. Nf3 e6 3. d4 cxd4 4. Nxd4 Nf6 5. Nc3 Nc6 6. Nxc6 bxc6 7. e5 Nd5 8. Ne4 Bb7 9. Nd6+ $5 {[%emt 0:00:59][%mdl 4] An interesting side line. B45: Sicilian Four Knights.} Bxd6 10. exd6 c5 11. c4 {[%emt 0:00:29] The position is equal.} Nb4 12. a3 Nc6 13. Be3 Qf6 14. Qd2 Rb8 15. Bxc5 {[%emt 0:01:31] [#]} Ba8 $146 (15... Ba6 $11 {remains equal.} 16. Bb4 Nd4) ({Predecessor:} 15... Qe5+ 16. Be3 Ba6 17. Rb1 Rb3 18. Bd3 O-O 19. Bc2 Rfb8 20. Bxb3 Rxb3 21. Rc1 Rxb2 {1-0 Robson,R (2689)-Gelfand,B (2668) Prague Masters 5th 2023 (3)}) 16. Bb4 $1 $16 Qe5+ 17. Be2 $1 {[%emt 0:02:23] aiming for Bc3.} (17. Qe2 $6 Qf4 $11) 17... Nxb4 ({Black should play} 17... Nd4 18. Bc3 Qxe2+ 19. Qxe2 Nxe2 20. Kxe2 Rb3) 18. axb4 Bxg2 19. Ra5 (19. Rg1 $18 Bf3 20. Rg5) 19... Qe4 $14 20. Rg1 Bf3 {[%emt 0:00:01] Black is weak on the dark squares} 21. Rxg7 {[%emt 0:00:23] Active counter play!} Bxe2 22. Qxe2 Qb1+ 23. Qd1 Qxb2 24. Rag5 {[%emt 0:00:09] Threatening mate with Rg8+.} Qxb4+ (24... Rxb4 $2 25. Rg8+ Rxg8 26. Rxg8#) 25. Kf1 {[%emt 0:00:14] Intending Rg8+ and mate.} Qxc4+ 26. Kg1 {[%emt 0:00:21] White wants to mate with Rg8+.} Rf8 {[%emt 0:00:02] Against Rg8} 27. Rxf7 $1 $40 {[%emt 0:00:08][%mdl 192] Decoy. White has some attack.} Qe4 $1 {[%emt 0:01:00] Threatens to win with ...Rb1.} (27... Rxf7 $2 28. Rg8+ Rf8 29. Qh5+ Kd8 30. Rxf8#) (27... Kxf7 28. Qh5+ Kf6 29. Qh6+ Kf7 30. Qxh7+ Kf6 31. Qg7#) 28. Rgg7 {[%emt 0:02:41] White threatens Re7+ and mate.} Rxf7 29. Rg8+ Rf8 30. Qh5+ Qg6+ $1 31. Rxg6 hxg6 32. Qxg6+ $11 {[%emt 0:00:28][%mdl 4096] Endgame KQ-KRR} (32. Qh7 $5 Rf7 $8 33. Qg8+ Rf8 34. Qxg6+ Rf7 35. Qg8+ Rf8 36. Qh7 $11) 32... Kd8 $2 (32... Rf7 $11 {and Black stays safe.}) 33. Qg5+ (33. Qg7 $18 Re8 34. h4) 33... Kc8 $16 34. Qc5+ (34. h4 $16) 34... Kb7 $14 35. Qb5+ Kc8 $1 36. Qc4+ Kb7 37. Qc7+ Ka6 $1 38. Qxd7 {[%emt 0:00:00] Black must now prevent Qc6+.} Rfd8 39. Qxe6 Kb6 40. Qe7 (40. d7+ $16 Kc7 41. Qa6) 40... a5 $1 $11 41. Qc7+ Kb5 42. Kf1 (42. d7 $5 ) 42... a4 43. Ke2 a3 44. Kd3 Ra8 45. Kd4 {[%emt 0:00:14] And now d7 would win. Really sharp!} a2 {[%emt 0:00:19] [#] This costs Black the game.} (45... Ra4+ $2 46. Kd5 Raa8 47. Qc4+ Ka5 48. Qb3 $18) (45... Rac8 $1 $11 {and Black has nothing to worry.} 46. Qb7+ Ka4) 46. Qb7+ $1 $18 Ka4 {[%emt 0:00:02] [#]} 47. Qb2 ({Weaker is} 47. Qc6+ Ka5 48. Qc3+ Kb5 49. Qc5+ Ka6 50. Qa3+ Kb7 51. Qb4+ (51. Qb2+ $2 Kc6 $19) 51... Kc6 52. Qc5+ Kb7 53. Qd5+ (53. Qc7+ Ka6 $11) 53... Kb6 54. Qc5+ Kb7 55. Qd5+ (55. Qc7+ Ka6 $11) 55... Kb6 56. Qc5+ Kb7 $11) 47... Rxd6+ $2 (47... a1=R $18 48. Qxa1+ Kb5 49. Qb2+ Kc6 50. Qc3+ Kxd6) 48. Kc5 Rb6 49. Qxa2# {[%emt 0:00:03] Ingenious play by Vachier-Lagrave!   Weighted Error Value: White=0.16 (very precise) /Black=0.32} 1-0

[Event "AI Cup Div-1 2023"]
[Site "Online"]
[Date "2023.09.27"]
[Round "3.5"]
[White "Vachier-Lagrave, Maxime"]
[Black "Carlsen, Magnus"]
[Result "1/2-1/2"]
[Annotator "TA"]
[ECO "B12"]
[WhiteElo "2727"]
[BlackElo "2839"]
[PlyCount "107"]
[EventDate "2023.09.18"]
[EventType "k.o."]
[EventCountry "NET"]
[SourceTitle "playchess.com"]
[Source "ChessBase"]
[SourceQuality "1"]
[TimeControl "900+3"]

1. e4 c6 2. d4 d5 3. e5 Bf5 4. h4 h5 5. c4 e6 6. Nc3 Ne7 7. Bg5 Qb6 {[%emt 0:00:16] [#] B12: Caro-Kann: Advance Variation.} 8. Qb3 $146 ({Predecessor:} 8. Rc1 dxc4 9. Bxc4 Qxb2 10. Nge2 Nd7 11. O-O Rd8 12. Ng3 Nxe5 13. Bb3 Bg6 14. f4 Ng4 15. Qe1 {0-1 Lagarde,M (2631)-Pultinevicius,P (2539) Olympiad-44 Chennai 2022 (10.3)}) 8... Nd7 (8... Qxd4 $2 9. Qxb7 Qb6 10. Qxa8 $18) 9. Nf3 Bg4 {[%emt 0:00:06] Black is slightly better.} 10. cxd5 exd5 11. O-O-O Qxb3 12. axb3 Nf5 13. Be2 Be7 14. g3 (14. Bxe7 $15 {is more appropriate.} Nxe7 15. Ne1) 14... f6 15. exf6 gxf6 16. Bf4 Nf8 17. Ng1 Bxe2 18. Ncxe2 Ne6 19. Nf3 Kf7 20. Bd2 a5 21. Kc2 a4 22. Ra1 axb3+ 23. Kxb3 c5 (23... Rhg8 {simplifies} 24. Rxa8 Rxa8 25. Kc2 Ra4) 24. dxc5 Nxc5+ 25. Kc2 Ne4 26. Rxa8 Rxa8 27. Be3 Rc8+ 28. Kb1 Nxe3 29. fxe3 Bd6 30. Rd1 Rc5 31. Nf4 Bxf4 (31... Nxg3 $5 32. Nxd5 Ne4 $15) 32. gxf4 $11 {[%emt 0:00:03][%mdl 4096] Endgame KRN-KRN} Nd6 33. Nd4 {[%emt 0:00:08] Inhibits Nf5.} Rc8 34. Rd3 Rg8 35. Rc3 Rg4 36. Rc5 Rxh4 37. Rxd5 Nc4 38. Rd7+ Ke8 39. Rxb7 Nxe3 40. Ne6 Rh2 41. Ka2 h4 42. Rh7 Nd1 43. Kb3 {[%emt 0:00:06] The position is equal.} Rxb2+ 44. Kc4 Ne3+ 45. Kd4 Nf5+ 46. Ke4 Nd6+ 47. Kd5 Rd2+ 48. Kc6 Nf5 {[%emt 0:00:04] White must now prevent ...Rd6+.} 49. Nc7+ Kf8 50. Nd5 h3 {[%emt 0:00:49][%mdl 64] [#] Deflection} 51. Rxh3 Ne7+ 52. Nxe7 Kxe7 53. f5 Rc2+ 54. Kd5 {[%emt 0:00:06] Weighted Error Value: White=0.07 (flawless) /Black=0.08 (flawless)} 1/2-1/2

[Event "AI Cup Div-1 2023"]
[Site "Online"]
[Date "2023.09.29"]
[Round "4.1"]
[White "Carlsen, Magnus"]
[Black "Vachier-Lagrave, Maxime"]
[Result "0-1"]
[Annotator "TA"]
[ECO "D27"]
[WhiteElo "2839"]
[BlackElo "2727"]
[PlyCount "98"]
[EventDate "2023.09.18"]
[EventType "k.o."]
[EventCountry "NET"]
[SourceTitle "playchess.com"]
[Source "ChessBase"]
[SourceQuality "1"]
[TimeControl "900+3"]

1. d4 d5 2. c4 dxc4 3. e3 Nf6 4. Bxc4 e6 5. Nf3 a6 6. O-O c5 7. a4 Nc6 8. Qe2 cxd4 9. Rd1 Be7 10. exd4 O-O 11. Nc3 Nb4 12. Ne5 {[%emt 0:02:16] 12.Ne5 is better than 12.Bg5.} b6 13. Ne4 {[%emt 0:00:30] D27: Queen's Gambit Accepted: Classical main line: 7 e4!? and 7 a4.} Bb7 14. Nxf6+ Bxf6 15. Ra3 {[%emt 0:00:03] [#] The position is equal.} b5 $146 {[%emt 0:01:27][%mdl 64] [#] Deflection} ({Predecessor:} 15... Rc8 16. Rh3 g6 17. Ng4 h5 18. Ne5 Bd5 19. b3 Qc7 20. Bf4 Bxc4 21. bxc4 Bxe5 22. Bxe5 Qxc4 {1-0 Khurtsidze,N (2440)-Krivec,J (2268) Athens Acropolis op (Women) 2003 (9)}) 16. axb5 axb5 17. Bxb5 {[%emt 0:00:08] Nd7 is the strong threat.} Qd5 18. Nf3 Rfc8 19. Rxa8 Bxa8 20. Bd2 Rc2 21. Qf1 $1 Qd6 (21... Rxb2 $2 22. Bc3 Qb3 23. Bxb2 Bxf3 24. Rc1 $18) 22. Rc1 Be4 23. Ba4 Rxc1 24. Qxc1 {[%emt 0:00:01] And now Qc8+ would win.} Nc6 25. Bf4 Qd5 (25... Nxd4 $5 26. Qc8+ Qf8 27. Qxf8+ Kxf8 28. Nxd4 Bxd4 $11) 26. Bxc6 Qxc6 27. Qxc6 Bxc6 28. Bd6 Bxf3 29. gxf3 {[%emt 0:00:01] Strongly threatening Bc5.} Bxd4 $11 {[%emt 0:00:01][%mdl 4096] Endgame KB-KB} 30. b4 f6 31. f4 Kf7 32. Kg2 Ke8 33. b5 (33. Kf1 $11 {keeps the balance.}) 33... Kd7 $17 34. Bb4 (34. Bf8 $142) 34... Kc7 35. Ba5+ Kd6 36. Kf3 Kc5 37. Ke4 $2 {[%emt 0:00:19][%mdl 8192] Now White is beyond hope.} (37. b6 $17 Kc6 38. Bb4) 37... Bxf2 $19 (37... Kxb5 38. Kxd4 Kxa5 39. Kc5 $11) 38. f5 $2 (38. b6 Kc6 39. b7 Kxb7 40. f5) 38... exf5+ ({Worse is} 38... Kxb5 39. fxe6 Kc6 40. Bb4 $15) 39. Kxf5 Kxb5 40. Bc3 Bh4 41. Ke6 Kc4 42. Ba5 Kd3 43. Kf7 f5 44. Kxg7 f4 45. Kxh7 f3 {[%emt 0:00:03] Black mates.} 46. Bb6 Bg5 47. Bf2 Ke2 48. Bg3 Bf4 {[%emt 0:00:08][%mdl 64] [#] Deflection, Promotion} 49. Bh4 Bd2 {[%emt 0:00:13] Weighted Error Value: White=0.44/Black=0.04 (flawless)} (49... Bxh2 $2 {perishes.} 50. Kg6 $19) 0-1

[Event "AI Cup Div-1 2023"]
[Site "Online"]
[Date "2023.09.29"]
[Round "4.2"]
[White "Vachier-Lagrave, Maxime"]
[Black "Carlsen, Magnus"]
[Result "1/2-1/2"]
[Annotator "TA"]
[ECO "C67"]
[WhiteElo "2727"]
[BlackElo "2839"]
[PlyCount "111"]
[EventDate "2023.09.18"]
[EventType "k.o."]
[EventCountry "NET"]
[SourceTitle "playchess.com"]
[Source "ChessBase"]
[SourceQuality "1"]
[TimeControl "900+3"]

1. e4 e5 2. Nf3 Nc6 3. Bb5 Nf6 4. O-O Nxe4 5. Re1 Nd6 6. Nxe5 Be7 7. Bf1 Nf5 {[%emt 0:00:01] C67: Ruy Lopez: Berlin Defence: 4 0-0 Nxe4.} 8. Nf3 d5 9. d4 O-O {[%emt 0:00:01] White is slightly better.} 10. h3 h6 {[%emt 0:01:59] [#]} 11. c3 $146 ({Predecessor:} 11. a4 a6 12. Bf4 Be6 13. c3 Bd6 14. Bxd6 Nxd6 15. Nbd2 Bf5 16. Qb3 Ne7 17. Re3 {½-½ Kislinsky,A (2505)-Pashikian,A (2592) Yerevan op 2nd 2017 (6)}) 11... Re8 12. Bd3 Bd6 13. Rxe8+ Qxe8 14. Qc2 Qe6 15. Nbd2 Qf6 16. Nf1 Nfe7 17. N1h2 Bf5 18. Ng4 Qg6 19. Bxf5 Qxf5 20. Qxf5 Nxf5 21. Bd2 f6 22. Kf1 Kf7 23. Ke2 Nce7 24. Ne3 Nxe3 25. Kxe3 g5 26. Kd3 h5 27. Rh1 Nf5 28. Ne1 {[%emt 0:00:27] The position is equal.} c6 29. Nc2 Nh4 30. g3 Nf5 31. Ne3 Kg6 32. Nxf5 Kxf5 $11 {[%emt 0:00:00][%mdl 4096] Endgame KRB-KRB} 33. Re1 Rh8 34. b3 b5 35. a4 bxa4 36. bxa4 Rb8 37. g4+ {[%emt 0:00:22][%mdl 64] [#] Deflection} hxg4 38. hxg4+ Kxg4 {[%emt 0:00:01] ...Bf4 is the strong threat.} 39. Re6 Bf4 {[%emt 0:00:01] Threatens to win with ...Bxd2.} 40. Rxf6 Rb6 41. a5 Ra6 42. Bxf4 gxf4 {[%emt 0:00:01] KR-KR} 43. Ke2 Rxa5 {[%emt 0:00:24] [#] aiming for ...Ra2+.} 44. Rg6+ Kf5 45. Rxc6 Ra2+ 46. Kf3 Rd2 47. Rd6 Rd3+ 48. Ke2 Rxc3 49. f3 Re3+ 50. Kf2 Ra3 51. Rxd5+ Ke6 52. Re5+ Kd6 53. Rf5 Ra2+ 54. Ke1 a5 55. Kd1 $1 a4 56. Kc1 {[%emt 0:00:03] Weighted Error Value: White=0.03 (flawless) /Black=0.03 (flawless)} 1/2-1/2

[Event "AI Cup Div-1 2023"]
[Site "Online"]
[Date "2023.09.29"]
[Round "4.3"]
[White "Carlsen, Magnus"]
[Black "Vachier-Lagrave, Maxime"]
[Result "1/2-1/2"]
[Annotator "TA"]
[ECO "D20"]
[WhiteElo "2839"]
[BlackElo "2727"]
[PlyCount "86"]
[EventDate "2023.09.18"]
[EventType "k.o."]
[EventCountry "NET"]
[SourceTitle "playchess.com"]
[Source "ChessBase"]
[SourceQuality "1"]
[TimeControl "900+3"]

1. d4 d5 2. c4 dxc4 3. e4 e5 4. Nf3 Bb4+ 5. Nc3 Nf6 6. Nxe5 {[%emt 0:00:01] D20: Queen's Gambit Accepted: 3 e3 and 3 e4.} b5 {[%emt 0:00:00] Repels Qa4} 7. f3 O-O 8. a3 {[%emt 0:00:01] White is slightly better.} (8. a4 $5 c6 9. Be3 $14) 8... Ba5 9. Be3 Nfd7 10. Nxd7 Nxd7 11. Be2 $36 {[%emt 0:00:02][%mdl 2048] White has good play.} a6 12. O-O Bb7 13. a4 c6 {[%emt 0:00:09] [#]} 14. e5 $146 ({Predecessor:} 14. Qe1 f5 15. exf5 Rxf5 16. Bd1 Rf7 17. Qg3 Nf6 18. Bc2 Nd5 19. Bg5 Qb6 20. Qh4 {1-0 Firouzja,A (2785)-Mamedyarov,S (2738) Norway Chess 11th 2023 (2)}) 14... Re8 15. f4 f5 {[%emt 0:01:30] Wards off Ne4} 16. d5 (16. Qc2 $16) 16... Bxc3 (16... Bb6 $11 17. Bxb6 Qxb6+ 18. Kh1 cxd5) 17. bxc3 {[%emt 0:00:34] Strongly threatening Bf3.} cxd5 18. Qc2 ({Better is} 18. axb5 $16 axb5 19. Rxa8 Bxa8 20. Qd2) 18... g6 $11 19. g4 d4 20. Bxd4 Nc5 21. axb5 (21. Bxc4+ $2 bxc4 22. h3 Nb3 $19) 21... axb5 {[%emt 0:01:26] [#] And now ...Rxa1 would win.} 22. Rxa8 (22. Bxc5 $2 Rxa1 23. Rxa1 Qd5 $19) 22... Bxa8 23. gxf5 Nd3 $2 24. f6 $18 Qd7 25. Qd1 $2 (25. f5 $18 {and the rest is easy.} gxf5 26. Bxd3 cxd3 27. Qxd3) 25... b4 $2 (25... Qh3 $16 {was called for.} 26. Bf3 Bxf3 27. Qxf3 Qxf3 28. Rxf3 Kf7) 26. Bg4 ({Stronger than} 26. Bxd3 cxd3 27. Qxd3 bxc3 $11) 26... Qd5 {[%emt 0:00:18][%csl Ga8][%cal Rd5h1] [#]} 27. Bf3 {[%emt 0:00:02] Dodges Qh1+. A strong pair of Bishops.} Qd7 28. Bxa8 Rxa8 $2 (28... bxc3 29. Bxc3 (29. f7+ Kxf7 30. e6+ Rxe6 $16) 29... Qa7+ 30. Kg2 Qxa8+ 31. Kg3 (31. Qf3 Nxf4+ 32. Kg3 g5 $18) 31... Qa3) 29. Qf3 {[%emt 0:00:14] e6 would kill now.} Re8 30. f5 {[%emt 0:00:03] Threatening mate with fxg6.} gxf5 31. Qxf5 $2 (31. Qg2+ Kf8 32. Rxf5) 31... Qxf5 32. Rxf5 {[%emt 0:00:00][%mdl 4096] Endgame KRB-KRN} Kf7 33. cxb4 Nxb4 34. Kf2 $2 ({White should play} 34. Rh5 $18 Kg6 35. Rh3) 34... Rc8 $1 $14 35. Rg5 {[%emt 0:00:04] Threatens to win with Rg7+.} Ke6 {[%emt 0:00:22] The position is equal.} 36. Rg7 {[%emt 0:00:03] Re7+ is the strong threat.} Nd5 {[%emt 0:00:01] Against Re7+} 37. Ra7 {[%emt 0:00:19] aiming for Ra6+.} c3 38. Ra6+ Kf5 39. f7 c2 40. Bb2 Rf8 $1 41. e6 Nc7 42. Rc6 {[%emt 0:00:08] Chess con chili.} Nxe6 43. Rxc2 Rxf7 {[%emt 0:00:00] Black escapes into a draw.   Weighted Error Value: White=0.32/Black=0.47} 1/2-1/2

[Event "AI Cup Div-1 2023"]
[Site "Online"]
[Date "2023.09.29"]
[Round "4.4"]
[White "Vachier-Lagrave, Maxime"]
[Black "Carlsen, Magnus"]
[Result "1/2-1/2"]
[Annotator "TA"]
[ECO "B12"]
[WhiteElo "2727"]
[BlackElo "2839"]
[PlyCount "57"]
[EventDate "2023.09.18"]
[EventType "k.o."]
[EventCountry "NET"]
[SourceTitle "playchess.com"]
[Source "ChessBase"]
[SourceQuality "1"]
[TimeControl "900+3"]

1. e4 c6 2. d4 d5 3. e5 Bf5 4. Nf3 e6 5. Be2 a5 6. O-O {[%emt 0:00:04] B12: Caro-Kann: Advance Variation.} a4 7. c4 {[%emt 0:00:34] [#]} dxc4 $146 ({Predecessor:} 7... Ne7 8. Nc3 dxc4 9. Bxc4 Nd5 10. Qe2 Nd7 11. Ne4 Be7 12. Nd6+ Bxd6 13. exd6 O-O {0-1 Solovchuk,A (2303)-Harvey,M (2456) Titled Tuesday intern op 20th Sep Early blitz 2022 (2)}) 8. Bxc4 {[%emt 0:00:04] White has an edge.} Nd7 9. Nc3 Nb6 10. Be2 Ne7 11. Nh4 h6 12. Nxf5 Nxf5 13. Be3 a3 14. Rb1 Be7 (14... Bb4 $5 ) 15. Bd3 Nxe3 16. fxe3 {[%emt 0:00:03][%cal Of1f7] Strongly threatening Rxf7!} O-O 17. Bc2 Bg5 18. Qd3 g6 19. g3 {[%emt 0:01:14] Hoping for h4. White is more active.} (19. b4 {simplifies} Nd5 20. Rf3 Nxc3 21. Qxc3 h5 22. Rb3) 19... axb2 {[%emt 0:00:37] [#]} ({Better is} 19... h5 $14) 20. h4 $1 $16 ({Much worse is} 20. Rxb2 $6 Ra3 $11) 20... Bxh4 21. gxh4 Qxh4 {[%emt 0:00:02] [#]} 22. Rxb2 $2 (22. Rf2 $1 $18 ) 22... Qg3+ $11 {[%emt 0:00:03] The position is equal.} 23. Kh1 {[%emt 0:00:01] aiming for Bd1.} Qh3+ 24. Kg1 {[%emt 0:00:00] Threatens to win with Bd1.} Rxa2 25. Rxa2 (25. Nxa2 $5 Qg3+ $8 26. Kh1 Qh3+ 27. Kg1 Qg3+ 28. Kh1 Qh3+ 29. Kg1 $11) 25... Qg3+ 26. Kh1 Qh3+ 27. Kg1 Qg3+ 28. Kh1 Qh3+ 29. Kg1 {[%emt 0:00:00] Weighted Error Value: White=0.26 (precise) /Black=0.16 (very precise)} 1/2-1/2